 Dungeon Crawl Stone Soup version 0.28-a0-1616-g050a50673c (webtiles) character file.

Game seed: 11748588771638010824

1529 tatocazan the Basher (level 9, 0/72 HPs)
             Began as a Formicid Fighter on Jan 22, 2022.
             Was an Initiate of Cheibriados.
             Slain by a gnoll (5 damage)
             ... on level 6 of the Dungeon.
             The game lasted 00:07:22 (6394 turns).

tatocazan the Basher (Formicid Fighter)             Turns: 6394, Time: 00:07:22

Health: 0/72       AC: 11    Str: 25 (26) XL:     9   Next: 10%
Magic:  10/10      EV: 11    Int:  8 (9)  God:    Cheibriados [......]
Gold:   282        SH: 10    Dex: 11      Spells: 8/8 levels left

rFire   . . .      SeeInvis +   a - +0 flail
rCold   . . .      Faith    .   c - +0 buckler
rNeg    . . .      Spirit   .   b - +0 scale mail
rPois   .          Reflect  +   (helmet unavailable)
rElec   .          Harm     .   t - +0 cloak
rCorr   .          Rampage  .   (no gloves)
Will    .....                   h - +1 pair of boots
Stlth   ..........              q - amulet of reflection
HPRegen 0.22/turn               (no ring)
MPRegen 0.12/turn               (no ring)

@: very slow
A: permanent stasis, dig shafts and tunnels, antennae 3, four strong arms,
deterioration 1, high mp 1, sense surroundings 1
a: Dig, Shaft Self, Renounce Religion


You were on level 6 of the Dungeon.
You worshipped Cheibriados.
Cheibriados was noncommittal.
You visited 2 branches of the dungeon, and saw 7 of its levels.
You also visited: Sewer.

You collected 282 gold pieces.

Inventory:

Hand Weapons
 a - a +0 flail (weapon)
Missiles
 g - 36 bolts
 j - a curare-tipped dart
 p - 2 boomerangs of dispersal
Armour
 b - a +0 scale mail (worn)
 c - a +0 buckler (worn)
 h - a +1 pair of boots (worn)
 t - a +0 cloak (worn)
Jewellery
 q - an amulet of reflection (around neck)
Wands
 m - a wand of iceblast (10)
 w - a wand of acid (10)
Scrolls
 k - 2 scrolls of fog
 n - a scroll of holy word
 o - a scroll of identify
 r - 3 scrolls of vulnerability {unknown}
 v - a scroll of amnesia {unknown}
Potions
 d - 2 potions of might
 e - 3 potions of cancellation
 f - 3 potions of curing
 i - a potion of resistance
 l - a potion of magic {unknown}
 s - a potion of invisibility {unknown}
 u - a potion of attraction {unknown}


   Skills:
 + Level 7.3 Fighting
 * Level 8.9 Maces & Flails
 + Level 7.2 Armour
 + Level 5.3 Dodging
 + Level 8.1 Shields
 + Level 1.1 Invocations


You had 8 spell levels left.
You didn't know any spells.
Your spell library contained the following spells:

 Spells                   Type           Power      Damage    Failure   Level
 Slow                     Hex            0%         N/A       73%         1
 Confusing Touch          Hex            0%         N/A       97%         3
 Dazzling Flash           Conj/Hex       0%         N/A       97%         3
 Ignite Poison            Fire/Tmut/Pois 0%         N/A       97%         3
 Mephitic Cloud           Conj/Pois/Air  0%         N/A       97%         3
 Vampiric Draining        Necr           0%         2d6       97%         3
 Iskenderun's Mystic Bla  Conj/Tloc      0%         2d3       100%        4
 Freezing Cloud           Conj/Ice/Air   0%         6-21      100%        5
 Starburst                Conj/Fire      0%         6d3       100%        6


Dungeon Overview and Level Annotations

Branches:
Dungeon (6/15)             Temple (1/1) D:5           Sewer (visited)

Altars:
Ashenzari
Cheibriados
Fedhas
Gozag
Hepliaklqana
Kikubaaqudgha
Makhleb
Nemelex Xobeh
Okawaru
Qazlal
Ru
Sif Muna
Uskayaw
Vehumet
Wu Jian
Xom
Yredelemnul
Zin
The Shining One

Shops:
D:1 *   D:6 :

Annotations:
D:3 1 runed translucent door, Crazy Yiuf
D:4 1 transporter, Duvessa


Innate Abilities, Weirdness & Mutations

You cannot be hasted, slowed, berserked, paralysed or teleported.
You can dig through walls and to a lower floor.
You have a pair of large antennae on your head. (SInv)
Your four strong arms can wield two-handed weapons with a shield.
Your body sometimes deteriorates upon taking damage.
You have an increased reservoir of magic. (+10% MP)
You passively map a small area around you.


Message History

The gnoll barely misses you. The gnoll hits you but does no damage.
The gnoll completely misses you.
The gnoll sergeant hits you but does no damage.
You closely miss the gnoll sergeant.
The gnoll sergeant is severely wounded.
The gnoll hits you but does no damage. You block the gnoll's attack.
The gnoll hits you with a +0 flail.
The gnoll sergeant hits you with a +0 spear.
You take 5 damage, and have 26/72 hp.
You hit the gnoll sergeant but do no damage.
The gnoll sergeant is severely wounded.
The gnoll closely misses you. You block the gnoll's attack.
The gnoll hits you with a +0 flail.
* * * LOW HITPOINT WARNING * * *
The gnoll sergeant hits you but does no damage.
You take 5 damage, and have 21/72 hp.
You hit the gnoll sergeant.
The gnoll sergeant is almost dead.
You block the gnoll's attack. x2; The gnoll hits you with a +0 flail.
* * * LOW HITPOINT WARNING * * *
The gnoll sergeant misses you.
You take 3 damage, and have 18/72 hp.
You hit the gnoll sergeant but do no damage.
The gnoll sergeant is almost dead.
The gnoll hits you with a +0 whip.
* * * LOW HITPOINT WARNING * * *
The gnoll hits you but does no damage. The gnoll hits you with a +0 flail!
* * * LOW HITPOINT WARNING * * *
You block the gnoll sergeant's attack.
You take 12 damage, and have 6/72 hp.
You hit the gnoll sergeant but do no damage.
The gnoll sergeant is almost dead.
The gnoll barely misses you. You block the gnoll's attack.
The gnoll hits you with a +0 flail.
* * * LOW HITPOINT WARNING * * *
You feel better. You block the gnoll sergeant's attack.
The gnoll hits you with a +0 whip.
* * * LOW HITPOINT WARNING * * *
You block the gnoll's attack. The gnoll hits you with a +0 flail.
You die...

#.#.#.# #.#.#.#..#....#
#...#.###.#.###..#.####
#########.∩.#............#.#
............#.###.#.####.#.#
..........#...##...........#
...........##.##..#.##.#.###
##..............{g#........#
#.####.####..###g#......#.#
#.....g.....ggg@g.........#
#.###.(#######g#.#.###.##.#
######{.#.........#.#......#
....)...#.#.....###.#.####.#
#####).g......#.###.#.####.# *
#.#.#.#.#.#.....#....#.######
,
..........#####.#......#.....
*
##.#.#.#...................###
#.#.#.##..#####.#.####.#.#..#


You could see a gnoll sergeant and 6 gnolls.

Vanquished Creatures
  Pargi (D:3)
  An ice beast (D:5)
  A black bear (D:5)
  2 ogres
  2 kobold brigands (Sewer)
  A bullfrog (D:4)
  2 scorpions (D:5)
  A water moccasin zombie (D:6)
  Dowan (D:4)
  A centaur zombie (D:5)
  A centaur skeleton (D:6)
  A hound (D:4)
  A gnoll shaman (D:6)
  Terence (D:3)
  Ijyb (D:3)
  An orc wizard (D:4)
  Robin (D:4)
  3 gnolls (D:6)
  8 adders
  2 river rats (Sewer)
  A worm (Sewer)
  A dart slug (D:3)
  3 orcs (D:4)
  7 bats
  3 endoplasms
  4 giant cockroaches
  12 goblins
  9 hobgoblins
  4 jackals (D:1)
  10 kobolds
  3 quokkas
  8 ball pythons
  2 frilled lizards (D:1)
  9 rats
109 creatures vanquished.

Notes
Turn   | Place    | Note
-------+----------+-------------------------------------------
     0 | D:1      | tatocazan the Formicid Fighter began the quest for the Orb.
     0 | D:1      | Reached XP level 1. HP: 18/18 MP: 1/1
    72 | D:1      | Found Odicay's Assorted Antiques.
    78 | D:1      | Reached XP level 2. HP: 24/24 MP: 2/2
   727 | D:1      | Reached XP level 3. HP: 29/29 MP: 3/3
   739 | D:1      | Found a faded altar of an unknown god.
  1532 | D:2      | Reached XP level 4. HP: 37/37 MP: 4/4
  1751 | D:3      | You fall into a shaft and drop 2 floors!
  1751 | D:5      | Entered Level 5 of the Dungeon
  1780 | D:5      | Noticed a black bear
  1853 | D:3      | Reached skill level 1 in Dodging
  1982 | D:3      | Found a glowing drain.
  1986 | Sewer    | Entered a sewer
  1988 | Sewer    | Noticed a kobold brigand
  2017 | Sewer    | Killed a kobold brigand
  2018 | Sewer    | Reached XP level 5. HP: 12/42 MP: 5/5
  2615 | Sewer    | Reached XP level 6. HP: 15/48 MP: 6/6
  2858 | Sewer    | Gained mutation: Your body sometimes deteriorates upon
                  | taking damage. [potion of mutation]
  2858 | Sewer    | Gained mutation: You have an increased reservoir of magic.
                  | (+10% MP) [potion of mutation]
  2858 | Sewer    | Gained mutation: You passively map a small area around you.
                  | [potion of mutation]
  3445 | Sewer    | Reached skill level 5 in Dodging
  3445 | Sewer    | Reached XP level 7. HP: 32/60 MP: 7/7
  3664 | D:3      | Noticed Pargi
  3689 | D:3      | Killed Pargi
  3979 | D:3      | Noticed Terence
  3989 | D:3      | Killed Terence
  4075 | D:3      | Found a runed translucent door.
  4076 | D:3      | Noticed Crazy Yiuf
  4147 | D:3      | Noticed Ijyb
  4153 | D:3      | Killed Ijyb
  4313 | D:4      | Found a transporter.
  4324 | D:4      | Noticed a fire bat
  4366 | D:4      | Reached XP level 8. HP: 66/67 MP: 8/8
  4565 | D:4      | Noticed Robin
  4613 | D:4      | Killed Robin
  4830 | D:4      | Noticed Dowan
  4841 | D:4      | Killed Dowan
  4863 | D:4      | Noticed Duvessa
  4878 | D:4      | You fall into a shaft and drop 1 floor!
  5320 | D:5      | Found a staircase to the Ecumenical Temple.
  5352 | Temple   | Entered the Ecumenical Temple
  5428 | Temple   | Became a worshipper of Cheibriados the Contemplative
  5998 | D:5      | Reached XP level 9. HP: 72/72 MP: 10/10
  6305 | D:6      | Found Wevveu's Book Emporium.
  6364 | D:6      | Reached skill level 1 in Invocations
  6394 | D:6      | Slain by a gnoll

Illustrated notes

Levels and vault maps discovered:
D:1:      mrwooster_arrival_arrow, layout_rooms,
          hellmonk_ecumenical_altar_inner_sanctum, serial_shops, shop
D:2:      layout_basic, kennysheep_generic_room_10
D:3:      layout_loops_ring, gup_sewer_entry_bowl, uniq_pargi, uniq_terence,
          uniq_ijyb, uniq_crazy_yiuf_cottage
D:4:      gammafunk_cloud_chamber, layout_basic, minmay_crystal_water,
          uniq_duvessa, uniq_robin
D:5:      layout_gridville, minmay_temple_entry_arrows
D:6:      layout_basic, serial_shops, nicolae_shop_stone
Temple:   compressed_dpeg_triangle_lava_temple

Skill      XL: |  1  2  3  4  5  6  7  8  9 |
---------------+----------------------------+-----
Shields        | 4 7 8 |  8.1
Maces & Flails | 3 8 |  8.9
Dodging        | 1 5 |  5.3
Fighting       | 4 7 |  7.3
Armour         | 4 7 |  7.2
Invocations    | 1 |  1.1

Action                   |  1- 3 |  4- 6 |  7- 9 || total
-------------------------+-------+-------+-------++-------
Melee: Flail             |   102 |   177 |   223 ||   502
 Abil: Shaft Self        |       |       |     1 ||     1
  Use: Potion            |       |     7 |     1 ||     8
       Scroll            |       |     3 |     2 ||     5
Armor: Scale mail        |    59 |    81 |    92 ||   232
Dodge: Dodged            |    63 |    91 |   106 ||   260
Block: Buckler           |    21 |    43 |    92 ||   156

Table legend: (Time is in decaauts)
 A = Elapsed time spent in this place.
 B = Non-inter-level travel time spent in this place.
 C = Inter-level travel time spent in this place.
 D = Time resting spent in this place.
 E = Time spent auto-exploring this place.
 F = Levels seen in this place.
 G = Mean time per level.
                   A        B        C        D        E       F      G
               +--------+--------+--------+--------+--------+-----+--------+
         Total |   6725 |   6533 |    192 |   1680 |   3641 |   8 |  840.6 |
       Dungeon |   4923 |   4743 |    180 |    572 |   3308 |   6 |  820.5 |
        Temple |     89 |     78 |     11 |      0 |     15 |   1 |   89.0 |
         Sewer |   1711 |   1711 |      0 |   1108 |    318 |   1 | 1711.0 |
               +--------+--------+--------+--------+--------+-----+--------+

Top non-repeatable levels by time:
   Sewer: 1711 daAuts
     D:5: 1173 daAuts
     D:3: 953 daAuts
     D:2: 930 daAuts
     D:1: 798 daAuts
     D:4: 615 daAuts
     D:6: 454 daAuts
  Temple: 89 daAuts
